 Dungeon Sprint DCSS version 0.29-a0-613-gf2c431b9b9 (webtiles) character file.

Game seed: 9017137234732421248

8458 mhtbhm the Convoker (level 11, -6/59 HPs)
             Began as a Tengu Summoner on June 17, 2022.
             Was an Initiate of Gozag.
             Engulfed by a death drake's foul pestilence (14 damage)
             ... in the Dungeon (Sprint III: "The Ten Rune Challenge").
             The game lasted 00:16:39 (5426 turns).

mhtbhm the Convoker (Tengu Summoner)                Turns: 5426, Time: 00:16:40

Health: -6/59      AC:  4    Str:  8    XL:     11   Next: 31%
Magic:  32/32      EV: 16    Int: 23    God:    Gozag
Gold:   1261       SH:  0    Dex: 15    Spells: 6/42 levels left

rFire   . . .      SeeInvis .   (no weapon)
rCold   . . .      Faith    .   (no shield)
rNeg    . . .      Spirit   .   a - +2 robe {Will+}
rPois   .          Reflect  .   (helmet restricted)
rElec   .          Harm     .   (no cloak)
rCorr   .          Rampage  .   (no gloves)
Will    +....      NoTele   +   (boots unavailable)
Stlth   ++++......              q - amulet "Laseh" {RegenMP Regen+ Int+3 Stlth+}
HPRegen 0.99/turn               (no ring)
MPRegen 0.63/turn               (no ring)

@: lethally poisoned (-6 -> -64), flying quickly and evasively, slowed, very
slow
A: beak, talons 3, nimble flight
a: Renounce Religion, Potion Petition, Call Merchant, Bribe Branch


You were in the Dungeon.
You worshipped Gozag.
Gozag was most pleased with you.
You visited 1 branch You collected 4776 gold pieces.
You spent 1652 gold pieces at shops.
You paid 1863 gold pieces to Gozag.

Inventory:

Armour
 a - a +2 robe of willpower (worn)
Jewellery
 q - the amulet "Laseh" (around neck) {RegenMP Regen+ Int+3 Stlth+}
   (You bought it in a shop in the Dungeon)

   [amulet of magic regeneration]

   It increases your rate of magic regeneration.
   Int:       It affects your intelligence (+3).
   Regen:     It increases your rate of health regeneration.
   Stlth:     It makes you more stealthy.
Wands
 d - a wand of flame (9)
 o - a wand of mindburst (14)
Scrolls
 e - a scroll of poison {unknown}
 g - a scroll of blinking
 h - a scroll of identify {unknown}
 j - a scroll of torment {unknown}
 k - a scroll of immolation {unknown}
Potions
 b - a potion of magic
 i - a potion of degeneration {unknown}
 l - 2 potions of flight
 m - 6 potions of mutation
 p - a potion of might
Miscellaneous
 n - a piece from Xom's chessboard (15/15)


   Skills:
 + Level 2.7 Fighting
 + Level 4.3 Dodging
 + Level 5.5 Stealth
 + Level 0.9 Unarmed Combat
 + Level 16.2 Spellcasting
 + Level 4.4 Hexes
 + Level 20.3 Summonings
 + Level 0.9 Ice Magic
 + Level 9.2 Air Magic
 + Level 3.5 Evocations


You had 6 spell levels left.
You knew the following spells:

 Your Spells              Type           Power      Damage    Failure   Level
a - Summon Small Mammal   Summ           100%       N/A       0%          1
b - Call Imp              Summ           84%        N/A       0%          2
c - Call Canine Familiar  Summ           84%        N/A       0%          3
d - Summon Guardian Gole  Hex/Summ       66%        N/A       1%          3
e - Summon Lightning Spi  Summ/Air       72%        N/A       1%          4
f - Summon Ice Beast      Ice/Summ       61%        N/A       1%          4
g - Summon Mana Viper     Hex/Summ       66%        N/A       1%          5
h - Monstrous Menagerie   Summ           42%        N/A       1%          7
i - Spellforged Servitor  Conj/Summ      30%        N/A       36%         7

Your spell library contained the following spells:

 Spells                   Type           Power      Damage    Failure   Level
 Beastly Appendage        Tmut           36%        N/A       3%          1
 Inner Flame              Hex/Fire       28%        N/A       3%          3
 Wereblood                Tmut           18%        N/A       4%          2
 Spider Form              Tmut/Pois      18%        N/A       9%          3
 Irradiate                Conj/Tmut      9%         3d16      63%         5
 Iskenderun's Battlesphe  Conj           18%        2d7       63%         5


Dungeon Overview and Level Annotations

Branches:
Dungeon (1/1)

Altars:
Cheibriados
Dithmenos
Elyvilon
Fedhas
Gozag
Hepliaklqana
Kikubaaqudgha
Makhleb
Nemelex Xobeh
Okawaru
Qazlal
Ru
Sif Muna
Trog
Uskayaw
Vehumet
Wu Jian
Xom
Yredelemnul
Zin
The Shining One
Beogh
Jiyva
Lugonu

Shops:
D *=:*


Innate Abilities, Weirdness & Mutations

You have a beak for a mouth.
You have claws for feet.
Your magical nature lets you fly swiftly and evasively.


Message History

You hit the death drake but do no damage.
Your kick misses the death drake. The death drake bites you!
Unknown command.
The death drake breathes miasma at you. The foul vapour engulfs you!
You are poisoned.
You feel yourself slow down.
You are engulfed in dark miasma.
You are more poisoned.
* * * LOW HITPOINT WARNING * * *
You feel extremely sick.
The death drake attacks as you move away!
The death drake barely misses you.
* * * LOW HITPOINT WARNING * * *
You feel extremely sick.
There is an entrance to Hiplow's Book Shoppe here.
Okay, then.
You feel much better.
You feel extremely sick. The death drake breathes miasma at you.
The foul vapour engulfs you!
You are lethally poisoned!
* * * LOW HITPOINT WARNING * * *
The death drake closely misses you. What are your orders? t - Shout!
Orders for allies: a - Attack new target. r - Retreat! s - Stop attacking. g - Guard the area. f - Follow me.
Anything else - Cancel.
Retreat in which direction?
Press: ? - help, Dir - move target, f - you
Okay, then.
As you read the scroll labelled DANLOCEENE, it crumbles to dust.
It is a scroll of enchant weapon.
You aren't carrying any weapons that can be enchanted.
You are engulfed in dark miasma.
You are more poisoned.
You die...
Your body crumbles into a pile of gold.

....#___#__'...#.#§§§#...#...##.#
▓▓▓▓▓▓▓▓▓▓▓▓▓▓▓▓▓▓▓▓▓▓▓▓▓▓▓▓▓#.#.
♣♣∩≈≈≈........≈≈≈...##.#
+♣.'.≈≈≈≈≈≈≈≈≈≈≈≈♣♣P.'.#.
#.≈∩..♣♣♣♣♣♣♣♣♣♣♣♣♣PP##.# #...♣.♣
♣♣♣# +# ###9♣♣♣♣♣♣♣♣♣♣♣♣♣♣
♣♣♣♣.##°°##≈≈≈≈≈≈.. $$
♣...##.##@#≈≈≈$≈... $$
♣♣.##.##k##'$≈≈≈≈##
♣..#.##°.°#≈$..... $
♣♣.##.##°°#≈..+###
♣♣.##.#####...# ♣.....# ...#
####### ####


You could see a death drake.

Vanquished Creatures
  A water elemental (D)
  A rat (D)
2 creatures vanquished.

Vanquished Creatures (collateral kills)
  A centaur warrior (D)
  2 hydras (D)
  An orc high priest (D)
  Urug (D)
  A lindwurm (D)
  A deep elf pyromancer (D)
  A cane toad (D)
  An unseen horror (D)
  2 tyrant leeches (D)
  A shadow (D)
  2 redbacks (D)
  A spatial vortex (D)
  3 wandering mushrooms (D)
  3 orc warriors (D)
  2 centaurs (D)
  An earth elemental (D)
  An electric eel (D)
  3 orc priests (D)
  A jelly (D)
  Jessica (D)
  A wizard (D)
  3 orc wizards (D)
  A human (D)
  A kobold demonologist (D)
  A phantom (D)
  6 orcs (D)
  An endoplasm (D)
  A rat (D)
45 creatures vanquished.

Vanquished Creatures (others)
  Josephine (D)
  A cane toad (D)
  A komodo dragon (D)
  2 humans (D)
  A redback (D)
  An orc warrior (D)
  A necrophage (D)
  An orc priest (D)
  A necromancer (D)
10 creatures vanquished.

Grand Total: 57 creatures vanquished

Notes
Turn   | Place    | Note
-------+----------+-------------------------------------------
     0 | D        | mhtbhm the Tengu Summoner began the quest for the Orb.
     0 | D        | Reached XP level 1. HP: 10/10 MP: 4/4
    34 | D        | Reached skill level 5 in Summonings
    82 | D        | Noticed Jessica
    94 | D        | Killed Jessica
    95 | D        | Reached skill level 7 in Summonings
    95 | D        | Reached XP level 2. HP: 15/15 MP: 2/7
    95 | D        | Reached XP level 3. HP: 19/19 MP: 2/8
   199 | D        | Learned a level 2 spell: Call Imp
   321 | D        | Learned a level 3 spell: Call Canine Familiar
   366 | D        | Reached skill level 8 in Summonings
   431 | D        | Learned a level 3 spell: Summon Guardian Golem
   547 | D        | Noticed a water elemental
   574 | D        | Killed a water elemental
   575 | D        | Reached skill level 9 in Summonings
   575 | D        | Reached XP level 4. HP: 7/24 MP: 1/11
   814 | D        | Reached skill level 5 in Spellcasting
   814 | D        | Reached skill level 10 in Summonings
   814 | D        | Reached skill level 1 in Evocations
   814 | D        | Gained mutation: Your magical nature lets you fly swiftly
                  | and evasively. [Tengu growth]
   814 | D        | Reached XP level 5. HP: 28/28 MP: 2/14
   814 | D        | Noticed a shadow
   821 | D        | Killed a shadow
   822 | D        | Reached skill level 11 in Summonings
   822 | D        | Reached XP level 6. HP: 33/33 MP: 3/17
  1067 | D        | Learned a level 4 spell: Summon Lightning Spire
  1070 | D        | Found a blossoming altar of Fedhas.
  1070 | D        | Found a stormy altar of Qazlal.
  1070 | D        | Found a snail-covered altar of Cheibriados.
  1070 | D        | Found a burning altar of Makhleb.
  1070 | D        | Found a shimmering altar of Xom.
  1071 | D        | Found a hazy altar of Hepliaklqana.
  1071 | D        | Found an opulent altar of Gozag.
  1071 | D        | Found a sparkling altar of Nemelex Xobeh.
  1071 | D        | Found a corrupted altar of Lugonu.
  1071 | D        | Found a viscous altar of Jiyva.
  1071 | D        | Noticed a spatial vortex
  1097 | D        | Killed a spatial vortex
  1098 | D        | Reached skill level 12 in Summonings
  1098 | D        | Reached skill level 1 in Air Magic
  1108 | D        | Became a worshipper of Gozag Ym Sagoz the Greedy
  1312 | D        | Found a basalt altar of Yredelemnul.
  1312 | D        | Found a shadowy altar of Dithmenos.
  1312 | D        | Found a sacrificial altar of Ru.
  1328 | D        | Reached skill level 1 in Hexes
  1328 | D        | Reached XP level 7. HP: 37/37 MP: 8/20
  1447 | D        | Found a radiant altar of Vehumet.
  1447 | D        | Found a shimmering blue altar of Sif Muna.
  1447 | D        | Found an ancient bone altar of Kikubaaqudgha.
  1450 | D        | Reached skill level 13 in Summonings
  1622 | D        | Found a glowing silver altar of Zin.
  1622 | D        | Found a glowing golden altar of the Shining One.
  1622 | D        | Found a white marble altar of Elyvilon.
  1622 | D        | Noticed a deep elf pyromancer
  1630 | D        | Killed a deep elf pyromancer
  1631 | D        | Reached skill level 10 in Spellcasting
  1631 | D        | Reached skill level 14 in Summonings
  1631 | D        | Reached XP level 8. HP: 11/42 MP: 9/23
  1882 | D        | Found a hide-covered altar of Uskayaw.
  1882 | D        | Found an iron altar of Okawaru.
  1882 | D        | Found a bloodstained altar of Trog.
  1882 | D        | Found an ornate altar of the Wu Jian Council.
  2221 | D        | Noticed Josephine
  2238 | D        | Killed Josephine
  2239 | D        | Reached skill level 15 in Summonings
  2239 | D        | Reached skill level 5 in Air Magic
  2239 | D        | Reached XP level 9. HP: 14/46 MP: 15/26
  2621 | D        | Reached skill level 16 in Summonings
  2706 | D        | Noticed a centaur warrior
  2708 | D        | Killed a centaur warrior
  2712 | D        | Reached skill level 17 in Summonings
  2764 | D        | Found Zada's Assorted Antiques.
  2767 | D        | Noticed an orc high priest
  2769 | D        | Noticed a red devil
  2773 | D        | Noticed a smoke demon
  2800 | D        | Killed an orc high priest
  2801 | D        | Reached skill level 1 in Fighting
  2801 | D        | Reached XP level 10. HP: 21/52 MP: 8/28
  3375 | D        | Killed an unseen horror
  3376 | D        | Reached skill level 18 in Summonings
  3694 | D        | Noticed a cane toad
  3694 | D        | Noticed a cane toad
  3707 | D        | Killed a cane toad
  3709 | D        | Killed a cane toad
  3844 | D        | Reached skill level 15 in Spellcasting
  4132 | D        | Bought the amulet "Laseh" {RegenMP Regen+ Int+3 Stlth+} for
                  | 507 gold pieces
  4140 | D        | Bought a potion of heal wounds for 55 gold pieces
  4140 | D        | Bought a book of Beasts for 418 gold pieces
  4147 | D        | Learned a level 4 spell: Summon Ice Beast
  4153 | D        | Learned a level 5 spell: Summon Mana Viper
  4161 | D        | Learned a level 7 spell: Monstrous Menagerie
  4180 | D        | Reached skill level 19 in Summonings
  4379 | D        | Noticed a lindwurm
  4389 | D        | Killed a lindwurm
  4453 | D        | Reached skill level 5 in Stealth
  4453 | D        | Reached XP level 11. HP: 38/59 MP: 22/31
  4876 | D        | Noticed Urug
  4881 | D        | Killed Urug
  5023 | D        | Bought the Almanac of Harmful Flames for 672 gold pieces
  5033 | D        | Learned a level 7 spell: Spellforged Servitor
  5256 | D        | Noticed a five-headed hydra
  5256 | D        | Noticed a seven-headed hydra
  5263 | D        | Killed a seven-headed hydra
  5264 | D        | Reached skill level 20 in Summonings
  5264 | D        | Killed a five-headed hydra
  5276 | D        | Noticed a death drake
  5426 | D        | Engulfed by a death drake's foul pestilence

Illustrated notes

Levels and vault maps discovered:
D:        dungeon_sprint_mu [sprint_mu_entry_cave, sprint_mu_temple_rooms,
          sprint_mu_d1_horrors, sprint_mu_d2_genie, sprint_mu_d3_branching,
          sprint_mu_orc_legion, sprint_mu_elf_gauntlet, sprint_mu_hive_nellie,
          sprint_mu_lair_fedhas, sprint_mu_vaults_butterflies,
          sprint_mu_slime_circle, sprint_mu_swamp_cave, sprint_mu_snake_twists,
          sprint_mu_blade_basic, sprint_mu_crypt_lich, sprint_mu_tomb_spiral,
          sprint_mu_vestibule_basic, sprint_mu_gehenna_hellfire,
          sprint_mu_dis_giant, sprint_mu_tartarus_statrot,
          sprint_mu_cocytus_islands, sprint_mu_zot1]

Skill      XL: |  1  2  3  4  5  6  7  8  9 10 11 |
---------------+----------------------------------+-----
Summonings     | 7 9 10 11 12 14 15 17 19 20 | 20.3
Spellcasting   | 3 4 5 7 8 10 12 13 15 16 | 16.2
Dodging        | 3 4 |  4.3
Stealth        | 3 4 5 |  5.5
Evocations     | 1 2 3 |  3.5
Air Magic      | 1 3 5 7 8 9 |  9.2
Hexes          | 1 2 3 4 |  4.4
Fighting       | 1 2 |  2.7
Unarmed Combat | |  0.9
Ice Magic      | |  0.9

Action                   |  1- 3 |  4- 6 |  7- 9 | 10-12 || total
-------------------------+-------+-------+-------+-------++-------
Melee: Unarmed           |     3 |       |       |     3 ||     6
       Kick              |     1 |       |       |       ||     1
 Cast: Summon Small Mamm |    11 |     5 |     4 |     1 ||    21
       Call Imp          |     4 |     3 |     7 |     3 ||    17
       Call Canine Famil |     3 |     3 |     9 |     8 ||    23
       Summon Guardian G |     1 |     3 |    11 |    10 ||    25
       Summon Lightning  |       |     3 |    15 |    12 ||    30
       Monstrous Menager |       |       |       |     8 ||     8
       Summon Ice Beast  |       |       |       |     1 ||     1
Invok: Call Merchant     |       |       |       |     3 ||     3
Evoke: Wand              |     4 |       |     2 |     4 ||    10
  Use: Potion            |     3 |       |       |     5 ||     8
       Scroll            |       |       |       |     1 ||     1
 Stab: Sleeping          |       |       |       |     1 ||     1
Armor: Robe              |     1 |       |       |     8 ||     9
Dodge: Dodged            |     5 |       |     1 |     9 ||    15

Table legend: (Time is in decaauts)
 A = Elapsed time spent in this place.
 B = Non-inter-level travel time spent in this place.
 C = Inter-level travel time spent in this place.
 D = Time resting spent in this place.
 E = Time spent auto-exploring this place.
 F = Levels seen in this place.
 G = Mean time per level.
                   A        B        C        D        E       F      G
               +--------+--------+--------+--------+--------+-----+--------+
         Total |   5363 |   5363 |      0 |   4146 |     25 |   1 | 5363.0 |
       Dungeon |   5363 |   5363 |      0 |   4146 |     25 |   1 | 5363.0 |
               +--------+--------+--------+--------+--------+-----+--------+

Top non-repeatable levels by time:
       D: 5363 daAuts
